AoeStats
← Orange Jiangzc

Arabia

514804337Analyzed
1v1 RM · 17d ago on Oct 19, 2026· 42m 43s· 2 players
Game mode
Random Map
Map size
Tiny (2 player)
Population
200
Speed
Normal
Resources
Standard
Victory
Conquest
Starting age
Dark Age
Ending age
Imperial Age
RankedLock teamsTeams togetherTeam positionsShared explorationLock speedFull tech treeHidden civsTurbo modeCheats
Victory
Defeat
🇳🇴 Persians · Norway
1072
+15
vs
🇨🇳 Varangians · China
1050
-15
Orange Jiangzc
11:36 Feudal Age
10:57 Loom
41:52 Castle Age
Ftiiiiian
7:05 Loom
28:23 Feudal Age
31:12 Bloodlines
41:58 Castle Age
40:57 Scale Barding Armor
41:02 Forging
Connection lost

Rejoining the realm…

Still unreachable

The connection could not be restored.

Session expired

The server has moved on; the page needs a fresh start.